 Dungeon Crawl Stone Soup version bcrawl-1.28.4 (webtiles) character file.

Game seed: 1318029805452820411

103404 Mehrunes the Grave Robber (level 2, 0/15 HPs)
             Began as a Skeleton Necromancer on Jan 17, 2021.
             Slain by a kobold (2 damage)
             ... on level 1 of the Dungeon.
             The game lasted 00:02:02 (892 turns).

Mehrunes the Grave Robber (Skeleton Necromancer)     Turns: 892, Time: 00:02:03

Health: 0/15       AC:  3    Str: 13 (14) XL:     2   Next: 75%
Magic:  0/6        EV: 12    Int: 13      God:
Gold:   48         SH:  0    Dex:  9      Spells: 5/7 levels left

rFire    . . .     SeeInvis .   e - +0 falchion
rCold    + . .     Gourm    .   (no shield)
rNeg     + + +     Faith    .   d - +0 leather armour
rPois    ∞         Spirit   +   (no helmet)
rElec    .         Reflect  .   (no cloak)
rCorr    .         Harm     .   (no gloves)
MR       .....                  (no boots)
Stlth    ++........             (no amulet)
HPRegen  0.05/turn              (no ring)
MPRegen  0.10/turn              (no ring)

@: no status effects
A: no food or potions, cold resistance 1, deterioration 1, negative energy
resistance 3, torment resistance, unbreathing, magic shield, sturdy frame 1,
spell healing
a: no special abilities


You were on level 1 of the Dungeon.
You were not hungry.

You visited 1 branch of the dungeon, and saw 1 of its levels.

You collected 48 gold pieces.

Inventory:

Hand Weapons
 a - a +1 dagger
 e - a +0 falchion (weapon)
Armour
 b - a +0 robe
 d - a +0 leather armour (worn)
Scrolls
 c - a scroll of identify
 f - 2 scrolls of blinking {unknown}


   Skills:
 - Level 1.0(1.3) Short Blades
 * Level 1.2(1.4) Long Blades
 + Level 1.2 Armour
 - Level 2.0 Dodging
 - Level 2.4 Stealth
 - Level 3.0 Spellcasting
 + Level 4.7 Necromancy


You had 5 spell levels left.
You knew the following spells:

 Your Spells              Type           Power        Failure   Level  Hunger
a - Animate Skeleton      Necr           N/A          3%          1    N/A
b - Pain                  Necr           ##....       3%          1    N/A

Your spell library contained the following spells:

 Spells                   Type           Power        Failure   Level  Hunger
 Vampiric Draining        Necr           ##........   11%         3    N/A
 Agony                    Necr           ##......     34%         4    N/A
 Animate Dead             Necr           N/A          34%         4    N/A
 Dispel Undead            Necr           ##......     67%         5    N/A

Dungeon Overview and Level Annotations

Branches:
Dungeon (1/12)

Altars:


Innate Abilities, Weirdness & Mutations

You do not eat or drink.
You are immune to poison.
Your flesh is cold resistant. (rC+)
Your body sometimes deteriorates upon taking damage.
You are immune to negative energy. (rN+++)
You are immune to unholy pain and torment.
You can survive without breathing.
When hurt, damage is shared between your health and your magic reserves.
Your movements are slightly less encumbered by armour. (ER -2)
Casting spells heals you.


Message History

You hit the kobold but do no damage. The kobold hits you.
You closely miss the kobold. The kobold misses you.
Your magical contamination has completely faded away.
Casting: Pain (safe; 3% risk of failure)
Confirm with . or Enter, or press ? or * to list all spells.
Aiming: Pain (safe; 3% risk of failure)
Press: ? - help, Shift-Dir - straight line, f - kobold
Aim: a kobold (chance to defeat MR: 85%)
The kobold writhes in agony.
The kobold hits you.
You closely miss the kobold.
The kobold is moderately wounded.
The kobold hits you.
You closely miss the kobold.
The kobold is moderately wounded.
The kobold hits you.
* * * LOW HITPOINT WARNING * * *
You closely miss the kobold.
The kobold is moderately wounded.
The kobold hits you.
You die...

#...#.#.....
######...........
........#########
######........#
########.# #.#
#.# #.#.# .#
#@#.# .# #K#.# .#
#.#.# .# #.#.# .#
#)#.##.#
#.#....######
#...K........
#.####?###### ###
##


You could see a kobold.

Vanquished Creatures
  A gnoll (D:1)
  A dart slug (D:1)
  A goblin (D:1)
  4 hobgoblins (D:1)
  2 kobolds (D:1)
  A bat (D:1)
10 creatures vanquished.

Notes
Turn   | Place    | Note
-------+----------+-------------------------------------------
     0 | D:1      | Mehrunes the Skeleton Necromancer began the quest for the
                  | Orb.
     0 | D:1      | Reached XP level 1. HP: 10/10 MP: 4/4
   164 | D:1      | Reached skill level 1 in Short Blades
   185 | D:1      | Reached XP level 2. HP: 6/15 MP: 1/6
   435 | D:1      | Reached skill level 1 in Armour
   486 | D:1      | Reached skill level 1 in Long Blades
   892 | D:1      | Slain by a kobold

Skill      XL: |  1  2 |
---------------+-------+-----
Short Blades   | 1 |  1.0
Armour         | 1 |  1.2
Long Blades    | 1 |  1.2
Dodging        | |  2.0
Stealth        | |  2.4
Spellcasting   | |  3.0
Necromancy     | |  4.7

Action                   || total
-------------------------++-------
Melee: Dagger            ||    14
       Falchion          ||     8
 Cast: Pain              ||    21
Armor: Leather armour    ||     7
Dodge: Dodged            ||    22
